 Dungeon Crawl Stone Soup version 0.31-a0-83-gbff143cfd1 (webtiles) character file.

Game seed: 15135851721736807240

35 IdlyInterested the Caller (level 3, -1/37 (42) HPs)
             Began as a Demonspawn Wanderer on May 24, 2023.
             Slain by Robin
             ... wielding a +0 mace
              (5 damage)
             ... on level 2 of the Dungeon.
             The game lasted 00:05:13 (1124 turns).

IdlyInterested the Caller (Demonspawn Wanderer)     Turns: 1124, Time: 00:05:14

HP:   -1/37 (42)    AC: 21    Str: 14    XL:     3   Next: 17%
MP:   2/4           EV:  2    Int: 13    God:
Gold: 64            SH:  0    Dex: 12    Spells: 3/4 levels left

rFire   . .          .
                       - Unarmed
rCold   . . .        (no shield)
rNeg    . . .        i - melded +0 ring mail
rPois   +            (helmet currently unavailable)
rElec   .            (cloak currently unavailable)
rCorr   .            (gloves currently unavailable)
SInv    .            (boots currently unavailable)
Will    .....        (no amulet)
Stlth   ++           (no ring)
HPRegen 0.26/turn    (no ring)
MPRegen 0.09/turn

%: no passive effects
@: tree-form, heavily drained
A: stationary, stasis, torment immunity, boosted hp, rugged brown scales 1,
(demonic touch 1)
a: no special abilities


You were on level 2 of the Dungeon.
You were a tree.
You visited 1 branch of the dungeon, and saw 2 of its levels.

You collected 64 gold pieces.

Inventory:

Hand Weapons
 f - a +0 dagger
 h - a +0 whip
 n - a +0 short sword
Missiles
 g - 26 stones
 k - 3 poisoned darts
Armour
 d - a +0 leather armour
 i - a +0 ring mail (melded)
Scrolls
 c - 4 scrolls of teleportation
 e - 2 scrolls of fog
 l - a scroll of enchant weapon {unknown}
 o - 2 scrolls of identify {unknown}
Potions
 a - a potion of haste {unknown}
 j - a potion of brilliance {unknown}
 m - a potion of resistance {unknown}


   Skills:
 + Level 2.6 Fighting
 * Level 0.3 Throwing
 - Level 1.0 Armour
 - Level 1.0 Dodging
 - Level 1.0 Stealth
 - Level 1.0 Unarmed Combat
 - Level 1.0 Spellcasting
 - Level 5.0 Summonings
 - Level 1.0 Evocations


You had 3 spell levels left.
You knew the following spells:

 Your Spells              Type           Power      Damage    Failure   Level
a - Summon Small Mammal   Summ           52%        N/A       3%          1

Your spell library contained the following spells:

 Spells                   Type           Power      Damage    Failure   Level
 Call Canine Familiar     Summ           13%        N/A       11%         3
 Animate Armour           Summ/Erth      12%        N/A       71%         4


Dungeon Overview and Level Annotations

Branches:
Dungeon (2/15)

Altars:

Shops:
D:2 :

Annotations:
D:2 Robin


Innate Abilities, Weirdness & Mutations

You are a tree.
Your roots penetrate the ground, keeping you stationary.
You cannot be teleported.
You are immune to unholy pain and torment.
Your maximum health is greatly increased.
Your equipment is partially melded.
(You are partially covered in rugged brown scales. (AC +1, +3% HP))
((Your touch may inflict minor irresistible damage on your foes.))


Message History

You feel drained.
The goblin hits you but does no damage. x2
You hit the goblin.
The goblin is severely wounded.
Your bat hits the goblin. The goblin hits you but does no damage.
You feel drained.
The goblin hits you but does no damage. x3
You smack the goblin!
You kill the goblin!
Your bat closely misses the goblin.
Your bat barely misses the goblin.
The goblin hits you but does no damage. x3; Robin throws the goblin at you!
Unknown command.
You smack the goblin!
You kill the goblin!
Your bat barely misses the goblin.
Your bat closely misses the goblin.
The goblin hits you but does no damage. The goblin hits you with a +0 club.
* * * LOW HITPOINT WARNING * * *
You barely miss the goblin.
The goblin is heavily wounded.
Your bat hits the goblin.
Your bat closely misses the goblin.
The goblin hits you but does no damage. x2; Robin completely misses you.
You completely miss the goblin.
The goblin is severely wounded.
Your bat misses the goblin.
The goblin hits you but does no damage. x2
Robin hits you but does no damage.
You barely miss the goblin.
The goblin is severely wounded.
Your bat misses the goblin. Your bat hits the goblin.
The goblin barely misses you. The goblin hits you but does no damage.
Robin hits you but does no damage.
You barely miss the goblin.
The goblin is almost dead.
Your bat misses the goblin. Your bat hits the goblin.
The goblin dies!
The goblin hits you but does no damage. Robin hits you with a +0 mace.
* * * LOW HITPOINT WARNING * * *
You smack the goblin!
You kill the goblin!
Robin hits you but does no damage.
You hit Robin but do no damage. Robin completely misses you.
You hit Robin but do no damage. Robin hits you with a +0 mace.
You die...

#<........
########## ......#
......+ ......#
########## ......+
#.....)b)#
......##
#.#####♣##
.......# #.# #g#
>......#.#.# #.#
.......#.#.# #.#
......##.#.#####.#
.###+###.#....##.#
.......>.####.##.#
.........# #.##.#
#.###.#..# #.#


You could see Robin (ally target) and a friendly bat (summoned).

Vanquished Creatures
  A dart slug (D:1)
  An endoplasm (D:1)
  7 goblins
  A hobgoblin (D:1)
  3 ball pythons
  2 bats
  2 frilled lizards (D:1)
  3 kobolds
  4 rats
24 creatures vanquished.

Vanquished Creatures (collateral kills)
  A giant cockroach (D:1)
  A goblin (D:2)
  A hobgoblin (D:1)
  2 kobolds
  A quokka (D:1)
  2 ball pythons
  A rat (D:1)
9 creatures vanquished.

Grand Total: 33 creatures vanquished

Notes
Turn   | Place    | Note
-------+----------+-------------------------------------------
     0 | D:1      | IdlyInterested the Demonspawn Wanderer began the quest for
                  | the Orb.
     0 | D:1      | IdlyInterested set off with the following items: a +0 club,
                  | a potion of lignification, a scroll of teleportation, a +0
                  | leather armour, a scroll of fog; and the following spell
                  | memorised: Summon Small Mammal; and the following spells
                  | available to memorise: Call Canine Familiar, Animate
                  | Armour.
     0 | D:1      | Reached XP level 1. HP: 16/16 MP: 2/2
     3 | D:1      | Noticed an electric eel
     4 | D:1      | Noticed an electric eel
   175 | D:1      | Reached skill level 1 in Armour
   188 | D:1      | Gained mutation: Your touch may inflict minor irresistible
                  | damage on your foes. [demonic ancestry]
   188 | D:1      | Reached XP level 2. HP: 22/22 MP: 1/3
   549 | D:1      | Reached skill level 1 in Dodging
   857 | D:2      | Found Kocahuw's Book Emporium.
  1062 | D:2      | Found a faded altar of an unknown god.
  1062 | D:2      | Noticed a red devil
  1102 | D:2      | Noticed Robin
  1109 | D:2      | Reached skill level 1 in Stealth
  1109 | D:2      | Gained mutation: You are partially covered in rugged brown
                  | scales. (AC +1, +3% HP) [demonic ancestry]
  1109 | D:2      | Reached XP level 3. HP: 20/28 MP: 1/4
  1124 | D:2      | Slain by Robin

Illustrated notes

Levels and vault maps discovered:
D:1:      arrival_aquarium_b, layout_rooms, grunt_decor_resistance
D:2:      layout_basic, serial_shops, nicolae_shop_advertising_works
          [nicolae_subvault_shop_adworks],
          dreamdust_ecumenical_altar_sealed_demon, basic_altar, minivault_11,
          minmay_tromino_mix6, uniq_jessica, uniq_terence, uniq_robin

Skill      XL: |  1  2 |
---------------+-------+-----
Armour         | 1 |  1.0
Dodging        | 1 |  1.0
Stealth        | 1 |  1.0
Fighting       | |  2.6
Throwing       | |  0.3
Unarmed Combat | |  1.0
Spellcasting   | |  1.0
Summonings     | |  5.0
Evocations     | |  1.0

Action                     || total
---------------------------++-------
  Melee: Club              ||     6
         Dagger            ||    37
         Short sword       ||    11
         Touch             ||     7
         Punch             ||     1
         Unarmed           ||    13
   Cast: Summon Small Mamm ||    25
    Use: Potion            ||     1
 Armour: Leather armour    ||     5
         Ring mail         ||    24
         Skin              ||    27
  Dodge: Dodged            ||    36

Table legend: (Time is in decaauts)
 A = Elapsed time spent in this place.
 B = Non-inter-level travel time spent in this place.
 C = Inter-level travel time spent in this place.
 D = Time resting spent in this place.
 E = Time spent auto-exploring this place.
 F = Levels seen in this place.
 G = Mean time per level.
                   A        B        C        D        E       F      G
               +--------+--------+--------+--------+--------+-----+--------+
         Total |   1125 |   1075 |     50 |    208 |    551 |   2 |  562.5 |
       Dungeon |   1125 |   1075 |     50 |    208 |    551 |   2 |  562.5 |
               +--------+--------+--------+--------+--------+-----+--------+

Top non-repeatable levels by time:
     D:1: 851 daAuts
     D:2: 273 daAuts
